 Dungeon Crawl Stone Soup version 0.22-a0-388-g09e6169 (webtiles) character file.

163 Mgcat the Insei (level 5, -2/33 HPs)
             Began as an Octopode Transmuter on Apr 29, 2018.
             Killed by divine providence
             ... invoked by an orc priest
              (16 damage)
             ... on level 3 of the Dungeon.
             The game lasted 00:05:12 (1937 turns).

Mgcat the Insei (Octopode Transmuter)               Turns: 1937, Time: 00:05:12

Health: -2/33      AC:  2    Str:  9    XL:     5   Next: 44%
Magic:  4/8        EV: 18    Int: 17    God:
Gold:   52         SH:  0    Dex: 17    Spells: 2/8 levels left

rFire    . . .     SeeInvis .     - Unarmed
rCold    . . .     Gourm    .   (shield currently unavailable)
rNeg     . . .     Faith    .   (helmet currently unavailable)
rPois    x         Spirit   .   (no amulet)
rElec    .         Reflect  .   (no ring)
rCorr    .         Harm     .   (no ring)
MR       .....                  (no ring)
Stlth    ++........             (no ring)
HPRegen  0.11/turn              (no ring)
MPRegen  0.11/turn              (no ring)
                                (no ring)
                                (no ring)

@: spider-form, heavily drained
A: tiny, almost no armour, stealthy swim, (amphibious), 8 rings, (constrict 8)
a: End Transformation


You were on level 3 of the Dungeon.
You were not hungry.
You were a venomous arachnid creature.
You visited 1 branch of the dungeon, and saw 3 of its levels.

You collected 52 gold pieces.

Inventory:

Hand Weapons
 k - a +0 short sword of freezing
   (You took it off a kobold on level 2 of the Dungeon)
Missiles
 a - 47 arrows
Scrolls
 d - 2 scrolls of fog {unknown}
 e - 2 scrolls of immolation {unknown}
 f - 3 scrolls of remove curse {unknown}
 h - a scroll of teleportation {unknown}
 i - a scroll of identify {unknown}
 l - 2 scrolls of random uselessness {unknown}
Potions
 g - 2 potions of lignification {!q}
 j - a potion of curing
 m - a potion of heal wounds {unknown}
Comestibles
 c - 2 rations


   Skills:
 - Level 1.0(0.0) Fighting
 - Level 2.0(0.5) Dodging
 + Level 4.3(2.7) Unarmed Combat
 - Level 2.0(0.5) Spellcasting
 + Level 3.7(2.1) Transmutations
 + Level 2.6(1.1) Poison Magic


You had 2 spell levels left.
You knew the following spells:

 Your Spells              Type           Power        Failure   Level  Hunger
a - Beastly Appendage     Tmut           #.....       24%         1    ##.....
b - Sticks to Snakes      Tmut           #.......     32%         2    ###....
c - Spider Form           Tmut/Pois      #.........   56%         3    ####...


Dungeon Overview and Level Annotations

Branches:
Dungeon (3/15)

Altars:


Innate Abilities, Weirdness & Mutations

You cannot wear most types of armour.
You are very stealthy in the water. (Stealth+)
((You are amphibious.))
You can wear up to eight rings at the same time.
((You can use your tentacles to constrict eight enemies at once.))
((Your skin changes colour to match your surroundings (Stealth+).))
((Your rubbery body absorbs attacks. (AC +1, EV +1)))


Message History

You tentacle-slap the adder.
You pierce the adder.
The adder is heavily wounded.
You feel sick.
Your ball python barely misses the adder.
Your ball python constricts the adder.
The adder barely misses you.
You tentacle-slap the adder.
The adder is severely wounded.
You feel sick.
Your ball python barely misses the adder.
Your ball python constricts the adder.
The adder closely misses you. The quokka bites you.
The hobgoblin barely misses your ball python.
You tentacle-slap the adder but do no damage.
You pierce the adder, but do no damage.
The adder is almost dead.
The adder barely misses you.
Your ball python bites the adder.
The adder dies!
The quokka barely misses you.
Your ball python bites the hobgoblin but does no damage.
Your ball python grabs the hobgoblin.
Your ball python constricts the hobgoblin.
You tentacle-slap the hobgoblin but do no damage.
You feel sick. The quokka bites you.
Your ball python bites the hobgoblin but does no damage.
Your ball python constricts the hobgoblin.
The hobgoblin hits you.
You feel sick.
The adder completely misses your ball python.
Your ball python bites the hobgoblin.
Your ball python constricts the hobgoblin.
The adder bites your ball python.
Your ball python dies!
The hobgoblin closely misses you. The quokka barely misses you.
An orc comes into view. It is wielding a club.
You tentacle-slap the hobgoblin but do no damage.
You grab the hobgoblin.
You kill the hobgoblin!
The quokka bites you.
The orc moves out of view.
Your tentacle spike disappears.
You feel sick.
You barely miss the adder. Your grab misses the adder.
Your squeeze misses the adder.
You feel sick. The adder barely misses you. The adder bites you.
* * * LOW HITPOINT WARNING * * *
It was a potion of lignification.
You turn into a tree.
Your roots penetrate the ground.
The adder bites you but does no damage.
It was a potion of curing.
You feel better. The adder bites you but does no damage.
Casting: Sticks to Snakes (safe; 16% risk of failure)
Confirm with . or Enter, or press ? or * to list all spells.
You create a snake!
You now have 47 arrows.
The adder bites you but does no damage. x2
The adder bites you but does no damage.
You hit the adder but do no damage. The adder bites you but does no damage.
You smack the adder!
The adder is almost dead.
The adder bites you but does no damage.
You barely miss the adder.
The adder is almost dead.
The adder bites you but does no damage.
You barely miss the adder.
The adder is almost dead.
The adder bites you but does no damage. x2
An orc comes into view. It is wielding a hand axe.
You closely miss the adder.
The adder is almost dead.
The adder bites you but does no damage.
You hit the adder but do no damage.
The adder is almost dead.
The adder bites you but does no damage.
You smack the adder!
You kill the adder!
Your transformation is almost over.
You barely miss the orc. The orc hits you but does no damage.
You barely miss the orc. The orc hits you but does no damage.
You hit the orc but do no damage. The orc hits you but does no damage.
You hit the orc but do no damage. You hit the orc.
The orc is severely wounded.
The orc hits you but does no damage.
You hit the orc but do no damage.
The orc is severely wounded.
The orc hits you but does no damage.
You smack the orc!
You kill the orc!
The quokka twitches its whiskers.
You smack the quokka!
You kill the quokka!
You feel less wooden.
An orc priest comes into view. It is wielding a dagger.
The orc closely misses your ball python.
Unknown command.
Casting: Sticks to Snakes (safe; 14% risk of failure)
Confirm with . or Enter, or press ? or * to list all spells.
You turn into a venomous arachnid creature.
The orc misses your ball python.
You swap places.
The orc misses you.
The orc priest calls down the wrath of Beogh upon you.
Beogh smites you!
You die...

########
#.sS...#
#o####.##
#o###.>..
#<.......
#..#...#.
#..# ..#
.... ...
#..#. #.
...#.#


You could see an orc priest, an orc and a friendly ball python.

Vanquished Creatures
  Natasha (D:2)
  4 adders
  An ooze (D:2)
  4 dart slugs
  A leopard gecko (D:2)
  An orc (D:3)
  7 bats
  5 giant cockroaches
  5 hobgoblins
  3 jackals (D:1)
  A quokka (D:3)
  3 frilled lizards
  8 goblins
  6 kobolds
  3 rats
53 creatures vanquished.

Vanquished Creatures (collateral kills)
  Natasha (D:2)
  2 adders
  A giant cockroach (D:2)
4 creatures vanquished.

Grand Total: 57 creatures vanquished

Notes
Turn   | Place    | Note
-------+----------+-------------------------------------------
     0 | D:1      | Mgcat the Octopode Transmuter began the quest for the Orb.
     0 | D:1      | Reached XP level 1. HP: 13/13 MP: 3/3
   219 | D:1      | Reached XP level 2. HP: 16/18 MP: 3/5
   225 | D:1      | Learned a level 2 spell: Sticks to Snakes
   646 | D:1      | Reached XP level 3. HP: 9/23 MP: 6/6
   729 | D:1      | Learned a level 3 spell: Spider Form
  1288 | D:2      | Reached skill level 1 in Poison Magic
  1306 | D:2      | Reached skill level 3 in Transmutations
  1475 | D:2      | Reached XP level 4. HP: 27/28 MP: 4/7
  1518 | D:2      | Noticed Natasha
  1527 | D:2      | Killed Natasha
  1527 | D:2      | Reached skill level 4 in Unarmed Combat
  1546 | D:2      | Reached skill level 2 in Poison Magic
  1755 | D:2      | Reached XP level 5. HP: 21/33 MP: 6/8
  1870 | D:2      | Noticed Natasha
  1874 | D:2      | Killed Natasha
  1913 | D:3      | HP: 7/33 [adder (4)]
  1937 | D:3      | Killed from afar by an orc priest

Vault maps used:
D:1:      dpeg_arrival_rhombus, serial_aquarium, aquarium_bridge_square,
          aquarium_window_corner, aquarium_window_fake, aquarium_window_3,
          aquarium_view_2b, aquarium_view_2e, grunt_decor_resistance
D:2:      uniq_natasha

Skill      XL: |  1  2  3  4 |
---------------+-------------+-----
Poison Magic   | 1 2 |  2.6
Transmutations | 3 |  3.7
Unarmed Combat | 4 |  4.3
Fighting       | |  1.0
Dodging        | |  2.0
Spellcasting   | |  2.0

Action                   |  1- 3 |  4- 6 || total
-------------------------+-------+-------++-------
Melee: Unarmed           |    72 |    51 ||   123
       Constrict         |    20 |     8 ||    28
       Kick              |    15 |     9 ||    24
       Tentacles         |    11 |     4 ||    15
       Punch             |       |     1 ||     1
 Cast: Beastly Appendage |    23 |     9 ||    32
       Sticks to Snakes  |     1 |     3 ||     4
       Spider Form       |       |     1 ||     1
  Use: Potion            |       |     2 ||     2
 Stab: Sleeping          |     3 |     2 ||     5
  Eat: Chunk             |     2 |     2 ||     4
Armor: Skin              |     6 |    17 ||    23
Dodge: Dodged            |    39 |    27 ||    66

Table legend:
 A = Spawn XP
 B = Non-spawn XP
 C = Spawn XP percentage of total XP
 D = Spawn monster count
 E = Non-spawn monster count
 F = Spawn count percentage of total count
 G = Total turns spent on level
                    A         B        C        D         E        F      G
               +---------+---------+-------+---------+---------+-------+---------
         Total |       0 |     234 |   0.0 |       0 |      57 |   0.0 |  1937
               +---------+---------+-------+---------+---------+-------+---------
           D:1 |       0 |      40 |   0.0 |       0 |      21 |   0.0 |   917
           D:2 |       0 |     163 |   0.0 |       0 |      31 |   0.0 |   982
           D:3 |       0 |      31 |   0.0 |       0 |       5 |   0.0 |    38
               +---------+---------+-------+---------+---------+-------+---------

Vault maps used:
D:1:      dpeg_arrival_rhombus, serial_aquarium, aquarium_bridge_square,
          aquarium_window_corner, aquarium_window_fake, aquarium_window_3,
          aquarium_view_2b, aquarium_view_2e, grunt_decor_resistance
D:2:      uniq_natasha

Table legend:
 A = Turns spent in this place as a percentage of turns spent in the entire game.
 B = Non-inter-level travel turns spent in this place as a percentage of non-inter-level travel turns spent in the entire game.
 C = Inter-level travel turns spent in this place as a percentage of turns spent in this place.
 D = Turns resting spent in this place as a percentage of non-inter-level travel turns spent in this place.
 E = Turns spent auto-exploring this place as a percentage of non-inter-level travel turns spent in this place.
 F = Non-inter-level travel turns spent in this place divided by the number of levels of this place that you've seen.
                   A       B       C       D       E      F
               +-------+-------+-------+-------+-------+----------------------
         Total | 100.0 | 100.0 |   1.7 |   0.0 |  79.0 | 635.0
       Dungeon | 100.0 | 100.0 |   1.7 |   0.0 |  79.0 | 635.0
               +-------+-------+-------+-------+-------+----------------------

Table legend:
 A = Kills in this place as a percentage of kills in entire the game.
 B = Kills by you in this place as a percentage of kills by you in the entire game.
 C = Kills by friends in this place as a percentage of kills by friends in the entire game.
 D = Other kills in this place as a percentage of other kills in the entire game.
 E = Experience gained in this place as a percentage of experience gained in the entire game.
 F = Experience gained in this place divided by the number of levels of this place that you have seen.
                   A       B       C       D       E      F
               +-------+-------+-------+-------+-------+----------------------
         Total | 100.0 | 100.0 | 100.0 |   N/A | 100.0 |  78.0
       Dungeon | 100.0 | 100.0 | 100.0 |   N/A | 100.0 |  78.0
               +-------+-------+-------+-------+-------+----------------------
